 Dungeon Crawl Stone Soup version 0.30-a0-743-gbfdf073431 (webtiles) character file.

Game seed: 13576946755426604512

548 BlueFish the Sneak (level 7, -23/50 HPs)
             Began as a Vampire Enchanter on Feb 7, 2023.
             Was an Initiate of Dithmenos.
             Annihilated by an ogre
             ... wielding a +0 giant spiked club
              (33 damage)
             ... on level 5 of the Dungeon.
             The game lasted 00:10:51 (3360 turns).

BlueFish the Sneak (Vampire Enchanter)              Turns: 3360, Time: 00:10:52

Health: -23/50     AC:  4    Str:  7    XL:     7   Next: 7%
Magic:  3/11       EV: 13    Int: 20    God:    Dithmenos [......]
Gold:   171        SH:  5    Dex: 14    Spells: 3/11 levels left

rFire   . . .      SeeInvis +    p - +4 dagger
rCold   . . .      Faith    .    (no shield)
rNeg    + . .      Spirit   .    b - +0 robe
rPois   .          Reflect  +    (no helmet)
rElec   .          Harm     .    C - +0 cloak
rCorr   .          Rampage  .    e - +0 pair of gloves
Will    .....                    (no boots)
Stlth   +++                      r - amulet of reflection
HPRegen 0.48/turn                B - ring of positive energy
MPRegen 0.12/turn                (no ring)

@: healing quickly
A: alive, fangs 3, see invisible, vampiric 2
a: Exsanguinate, Renounce Religion


You were on level 5 of the Dungeon.
You worshipped Dithmenos.
Dithmenos was noncommittal.
You visited 2 branches of the dungeon, and saw 6 of its levels.

You collected 171 gold pieces.

Inventory:

Hand Weapons
 a - a +1 dagger
 f - a +0 short sword
 j - a +1 short sword of draining
 n - a +1 vampiric short sword
 p - a +4 dagger (weapon)
Missiles
 h - 3 javelins (quivered)
 m - 5 poisoned darts
 o - 6 boomerangs
Armour
 b - a +0 robe (worn)
 e - a +0 pair of gloves (worn)
 x - a +1 leather armour of poison resistance
 C - a +0 cloak (worn)
Jewellery
 r - an amulet of reflection (around neck)
 B - a ring of positive energy (left hand)
Wands
 E - a wand of iceblast (23)
 J - a wand of paralysis (8)
Scrolls
 d - a scroll of vulnerability {unknown}
 g - 5 scrolls of identify {unknown}
 i - 4 scrolls of immolation {unknown}
 k - 2 scrolls of fog {unknown}
 s - 2 scrolls of amnesia {unknown}
 y - a scroll of enchant weapon {unknown}
 z - a scroll of fear {unknown}
 A - 2 scrolls of teleportation {unknown}
 G - a scroll of enchant armour {unknown}
 I - a scroll of torment {unknown}
Potions
 c - a potion of invisibility
 l - a potion of resistance {unknown}
 q - a potion of ambrosia {unknown}
 t - a potion of attraction {unknown}
 u - a potion of lignification {unknown}
 v - a potion of haste {unknown}
 w - a potion of cancellation {unknown}
 D - a potion of heal wounds {unknown}
 F - a potion of curing {unknown}
 H - a potion of might {unknown}


   Skills:
 + Level 2.2 Fighting
 + Level 2.8 Short Blades
 + Level 1.5 Throwing
 + Level 1.7 Armour
 + Level 3.4 Dodging
 + Level 5.8 Stealth
 + Level 2.9 Spellcasting
 + Level 5.7 Hexes
 + Level 1.1 Invocations
 + Level 1.1 Evocations


You had 3 spell levels left.
You knew the following spells:

 Your Spells              Type           Power      Damage    Failure   Level
a - Ensorcelled Hibernat  Hex/Ice        28%        N/A       7%          2
b - Confusing Touch       Hex            26%        N/A       4%          3
c - Tukima's Dance        Hex            26%        N/A       4%          3

Your spell library contained the following spells:

 Spells                   Type           Power      Damage    Failure   Level
 Dazzling Flash           Conj/Hex       28%        N/A       13%         3
 Stone Arrow              Conj/Erth      4%         3d7       41%         3
 Animate Armour           Summ/Erth      4%         N/A       82%         4
 Freezing Cloud           Conj/Ice/Air   1%         6-21      99%         5
 Simulacrum               Ice/Necr       1%         N/A       100%        6
 Lehudib's Crystal Spear  Conj/Erth      1%         10d2      100%        8
 Polar Vortex             Ice            1%         N/A       100%        9


Dungeon Overview and Level Annotations

Branches:
Dungeon (5/15)             Temple (1/1) D:4

Altars:
Ashenzari
Cheibriados
Dithmenos
Gozag
Kikubaaqudgha
Makhleb
Nemelex Xobeh
Okawaru
Qazlal
Ru
Sif Muna
Trog
Vehumet
Wu Jian
Xom
Yredelemnul

Shops:
D:1 [[((


Innate Abilities, Weirdness & Mutations

Your natural rate of healing is accelerated.
You have razor-sharp teeth.
You have supernaturally acute eyesight. (SInv)
You are afflicted with vampirism and can become a bat while bloodless.


Message History

You impale the hound!!
You kill the hound!
Dithmenos accepts your kill.
You see here a hound corpse.
g - 5 scrolls labelled HUOMYXZ YRUB (gained 1)
An ogre comes into view. It is wielding a +0 giant spiked club.
The ogre shouts!
Casting: Ensorcelled Hibernation (safe; 7% risk of failure)
Confirm with . or Enter, or press ? or * to list all spells.
Aiming: Ensorcelled Hibernation (safe; 7% risk of failure)
Press: ? - help, Shift-Dir - straight line, f - ogre
Aim: an ogre, wielding a +0 giant spiked club (chance to affect: 48%)
The ogre resists with some effort.
The ogre hits you with a +0 giant spiked club!
Casting: Ensorcelled Hibernation (safe; 7% risk of failure)
Confirm with . or Enter, or press ? or * to list all spells.
Aiming: Ensorcelled Hibernation (safe; 7% risk of failure)
Press: ? - help, Shift-Dir - straight line, f/p - ogre
Aim: an ogre, wielding a +0 giant spiked club (chance to affect: 48%)
The ogre resists with some effort.
Casting: Ensorcelled Hibernation (safe; 7% risk of failure)
Confirm with . or Enter, or press ? or * to list all spells.
Aiming: Ensorcelled Hibernation (safe; 7% risk of failure)
Press: ? - help, Shift-Dir - straight line, f/p - ogre
Aim: an ogre, wielding a +0 giant spiked club (chance to affect: 48%)
The ogre resists with some effort.
The ogre hits you with a +0 giant spiked club!!
Ouch! That really hurt!
* * * LOW HITPOINT WARNING * * *
You hear a shout!
Casting: Ensorcelled Hibernation (safe; 7% risk of failure)
Confirm with . or Enter, or press ? or * to list all spells.
Aiming: Ensorcelled Hibernation (safe; 7% risk of failure)
Press: ? - help, Shift-Dir - straight line, f/p - ogre
Aim: an ogre, wielding a +0 giant spiked club (chance to affect: 48%)
The ogre resists with some effort.
You hear a shout! x2
The ogre hits you with a +0 giant spiked club!!
Ouch! That really hurt!
You die...

#... #... #... #... #...
#).. # #...
#.g.#################...
......O@................
###################.....
#.)... ###########
#..... ....g.....###
#..... #########...#
#..... ###[###.....
#..##..... ##........


You could see an ogre and a gnoll bouda.

Vanquished Creatures
  A centaur (D:5)
  A phantom (D:5)
  A necrophage (D:4)
  Crazy Yiuf (D:3)
  A hound (D:5)
  A jelly (D:4)
  Jessica (D:3)
  Ijyb (D:3)
  2 orc wizards (D:4)
  Robin (D:3)
  3 adders
  3 worms
  3 dart slugs
  11 orcs
  5 endoplasms
  5 giant cockroaches
  18 goblins
  14 hobgoblins
  A quokka (D:4)
  3 ball pythons
  3 bats
  3 frilled lizards
  8 kobolds
  2 rats
93 creatures vanquished.

Notes
Turn   | Place    | Note
-------+----------+-------------------------------------------
     0 | D:1      | BlueFish the Vampire Enchanter began the quest for the Orb.
     0 | D:1      | Reached XP level 1. HP: 13/13 MP: 3/3
     4 | D:1      | Found Rikot's Antique Weapon Emporium.
     7 | D:1      | Found Avvurch's Armour Emporium.
   149 | D:1      | Reached XP level 2. HP: 11/19 MP: 5/5
   159 | D:1      | Learned a level 2 spell: Ensorcelled Hibernation
   284 | D:1      | Found Cohopn's Antique Weapon Shop.
   707 | D:2      | Gained mutation: You are afflicted with vampirism and can
                  | become a bat while bloodless. [Vampire growth]
   707 | D:2      | Reached XP level 3. HP: 25/25 MP: 6/6
   964 | D:2      | Reached skill level 1 in Fighting
  1168 | D:2      | Found a faded altar of an unknown god.
  1380 | D:3      | Learned a level 3 spell: Confusing Touch
  1410 | D:3      | Noticed Robin
  1411 | D:3      | Noticed Ijyb
  1440 | D:3      | Killed Robin
  1441 | D:3      | Reached XP level 4. HP: 32/32 MP: 4/7
  1484 | D:3      | Paralysed by Ijyb for 4 turns
  1500 | D:3      | Killed Ijyb
  1501 | D:3      | Reached skill level 5 in Stealth
  1504 | D:3      | Reached skill level 1 in Armour
  1614 | D:3      | Reached skill level 5 in Hexes
  1751 | D:3      | Noticed Jessica
  1758 | D:3      | Killed Jessica
  1759 | D:3      | Reached XP level 5. HP: 37/37 MP: 8/8
  1958 | D:3      | Found a runed translucent door.
  1959 | D:3      | Noticed Crazy Yiuf
  2148 | D:3      | Killed Crazy Yiuf
  2149 | D:3      | Reached skill level 1 in Throwing
  2308 | D:4      | Found a staircase to the Ecumenical Temple.
  2321 | Temple   | Entered the Ecumenical Temple
  2329 | Temple   | Became a worshipper of Dithmenos the Shadowed
  2389 | D:4      | Reached XP level 6. HP: 37/44 MP: 5/10
  2859 | D:4      | Found a radiant altar of Vehumet.
  2985 | D:5      | Entered Level 5 of the Dungeon
  2992 | D:5      | Learned a level 3 spell: Tukima's Dance
  3057 | D:5      | Reached skill level 1 in Invocations
  3057 | D:5      | Reached skill level 1 in Evocations
  3057 | D:5      | Reached XP level 7. HP: 50/50 MP: 8/11
  3360 | D:5      | Annihilated by an ogre

Illustrated notes

Levels and vault maps discovered:
D:1:      reono_arrival_forest_river, layout_rooms, serial_shops,
          nicolae_shop_hallway_plus, nicolae_shop_behind_doors, shop,
          nicolae_shop_temple_entry_statues_fountains, serial_corexii_hall,
          chequers_hall_statues_wall_a, corexii_hall_statues_s,
          minmay_pentomino_x4
D:2:      layout_basic, hellmonk_ecumenical_altar_pennies_from_heaven
D:3:      layout_basic, uniq_crazy_yiuf_cottage, uniq_robin, uniq_ijyb,
          uniq_jessica
D:4:      cheibrodos_greedy_goblins, layout_loops_ring,
          mainiacjoe_overflow_alcove_1, minmay_temple_entry_waves
D:5:      layout_basic, minmay_bent
Temple:   nicolae_temple_no_exploring_needed

Skill      XL: |  1  2  3  4  5  6 |
---------------+-------------------+-----
Fighting       | 1 2 |  2.2
Stealth        | 5 |  5.8
Armour         | 1 |  1.7
Hexes          | 5 |  5.7
Short Blades   | 2 |  2.8
Dodging        | 3 |  3.4
Throwing       | 1 |  1.5
Invocations    | 1 |  1.1
Evocations     | 1 |  1.1
Spellcasting   | |  2.9

Action                     |  1- 3 |  4- 6 |  7- 9 || total
---------------------------+-------+-------+-------++-------
  Melee: Dagger            |    82 |   138 |     9 ||   229
         Bite              |    16 |    16 |       ||    32
         Short sword       |    52 |       |       ||    52
         Punch             |     2 |     2 |       ||     4
   Cast: Ensorcelled Hiber |     1 |    11 |     7 ||    19
         Confusing Touch   |       |     2 |       ||     2
    Use: Potion            |       |       |     1 ||     1
   Stab: Sleeping          |     7 |    15 |     3 ||    25
         Confused          |       |     1 |       ||     1
 Armour: Robe              |    25 |    16 |       ||    41
  Dodge: Dodged            |    59 |    46 |     7 ||   112
  Block: Other             |     5 |    11 |     3 ||    19
         Reflection        |     1 |       |       ||     1

Table legend: (Time is in decaauts)
 A = Elapsed time spent in this place.
 B = Non-inter-level travel time spent in this place.
 C = Inter-level travel time spent in this place.
 D = Time resting spent in this place.
 E = Time spent auto-exploring this place.
 F = Levels seen in this place.
 G = Mean time per level.
                   A        B        C        D        E       F      G
               +--------+--------+--------+--------+--------+-----+--------+
         Total |   3339 |   3199 |    140 |     48 |   2307 |   6 |  556.5 |
       Dungeon |   3322 |   3182 |    140 |     48 |   2307 |   5 |  664.4 |
        Temple |     16 |     16 |      0 |      0 |      0 |   1 |   16.0 |
               +--------+--------+--------+--------+--------+-----+--------+

Top non-repeatable levels by time:
     D:3: 832 daAuts
     D:4: 763 daAuts
     D:2: 744 daAuts
     D:1: 611 daAuts
     D:5: 371 daAuts
  Temple: 16 daAuts
